 Dungeon Crawl Stone Soup version 0.20-a0-201-g851c6fa (webtiles) character file.

291 feito the Gusty (level 6, 0/36 HPs)
             Began as a High Elf Air Elementalist on Nov 24, 2016.
             Slain by Pikel
             ... wielding a +1 whip of freezing
              (4 damage)
             ... on level 3 of the Dungeon.
             The game lasted 00:37:30 (3595 turns).

feito the Gusty (High Elf Air Elementalist)         Turns: 3595, Time: 00:37:30

Health: 0/36       AC:  4    Str:  4 (7)  XL:     6   Next: 10%
Magic:  2/12       EV: 14    Int: 24 (25) God:
Gold:   149        SH:  0    Dex: 16 (17) Spells: 6/12 levels left

rFire  . . .     SeeInvis .     g - +0 spear
rCold  . . .     Gourm    .     m - +2 robe {Archmagi}
rNeg   . . .     Faith    .     (no shield)
rPois  .         Spirit   .     (no helmet)
rElec  .         Reflect  .     (no cloak)
rCorr  .         Harm     .     (no gloves)
MR     .....                    (no boots)
Stlth  ++........               (no amulet)
                                (no ring)
                                o - ring of wizardry

@: brilliant, swift, quick
A: no striking features
a: no special abilities


You were on level 3 of the Dungeon.
You were hungry.

You visited 1 branch of the dungeon, and saw 4 of its levels.

You collected 149 gold pieces.

Inventory:

Hand Weapons
 g - a +0 spear (weapon)
Armour
 m - a +2 robe of the Archmagi (worn)
Jewellery
 o - a ring of wizardry (left hand)
Scrolls
 a - 2 scrolls of teleportation
 d - 2 scrolls of blinking
 e - 6 scrolls of identify
 h - a scroll of enchant armour
Potions
 j - a potion of brilliance
 k - a potion of curing
 q - a potion of lignification {unknown}
Books
 b - a book of Air

   Spells                             Type                      Level
   a - Shock                          Conjuration/Air              1
   b - Swiftness                      Charms/Air                   2
   c - Repel Missiles                 Charms/Air                   2
   d - Static Discharge               Conjuration/Air              3
   e - Lightning Bolt                 Conjuration/Air              5
Comestibles
 c - 5 bread rations
 n - 3 meat rations


   Skills:
 + Level 3.7 Dodging
 - Level 3.1 Stealth
 + Level 3.6 Spellcasting
 + Level 2.9 Conjurations
 * Level 5.7 Air Magic


You had 6 spell levels left.
You knew the following spells:

 Your Spells              Type           Power        Failure   Level  Hunger
a - Shock                 Conj/Air       ####         1%          1    None
b - Swiftness             Chrm/Air       #####...     1%          2    #......
c - Static Discharge      Conj/Air       ######..     1%          3    ###....


Dungeon Overview and Level Annotations

Branches:
Dungeon (4/15)
 Temple: D:4-7

Altars:
Trog

Annotations:
D:3 Pikel


Message History

Aiming: Shock
Press: ? - help, Shift-Dir - straight line, f/p - Pikel
Aim: Pikel, wielding a whip of freezing and wearing a robe (heavily wounded)
You feel a surge of power!
The zap misses Pikel.
Pikel misses you.
It was a potion of curing.
You feel better. Pikel barely misses you.
Casting: Shock
Confirm with . or Enter, or press ? or * to list all spells.
Aiming: Shock
Press: ? - help, Shift-Dir - straight line, f/p - Pikel
Aim: Pikel, wielding a whip of freezing and wearing a robe (heavily wounded)
You feel a surge of power!
The zap hits Pikel.
Pikel is heavily wounded.
Pikel hits you with a whip of freezing! Pikel freezes you.
Casting: Shock
Confirm with . or Enter, or press ? or * to list all spells.
You feel a surge of power!
You feel quick. Pikel completely misses you.
Pikel hits you with a whip of freezing!
* * * LOW HITPOINT WARNING * * *
Pikel freezes you.
You die...

######## #......#####
#......#(..#######
#......#.........#
#(.....#.........#
#......#.........#####
#...>@................
####K######...........
#.# #........... #.#
#........[.. #.####
####.##..... #....#
#.####### #....# #.#
#....# #.#
#.#########.#######


You could see Pikel.

Vanquished Creatures
  A bullfrog zombie (D:4)
  2 orc wizards (D:3)
  2 adders
  8 gnolls
  2 oozes (D:3)
  An adder skeleton (D:4)
  4 worms
  3 dart slugs
  A leopard gecko (D:3)
  4 orcs (D:3)
  A giant cockroach (D:2)
  5 goblins
  5 hobgoblins
  5 jackals
  7 kobolds
  A ball python (D:2)
  15 bats
  8 frilled lizards
  A quokka skeleton (D:4)
  9 rats
85 creatures vanquished.

Notes
Turn   | Place    | Note
-------+----------+-------------------------------------------
     0 | D:1      | feito the High Elf Air Elementalist began the quest for the Orb.
     0 | D:1      | Reached XP level 1. HP: 11/11 MP: 4/4
   153 | D:1      | Reached XP level 2. HP: 10/17 MP: 1/6
   166 | D:1      | Learned a level 2 spell: Swiftness
   583 | D:1      | Reached skill level 4 in Air Magic
   760 | D:2      | Reached XP level 3. HP: 21/21 MP: 4/8
   889 | D:2      | Found a bloodstained altar of Trog.
  1016 | D:2      | Learned a level 3 spell: Static Discharge
  1672 | D:3      | Found a faded altar of an unknown god.
  1676 | D:3      | Reached XP level 4. HP: 27/27 MP: 7/9
  2401 | D:3      | Reached XP level 5. HP: 31/31 MP: 6/10
  2439 | D:3      | Reached skill level 5 in Air Magic
  3552 | D:4      | Reached XP level 6. HP: 28/36 MP: 7/12
  3567 | D:4      | Noticed a slave
  3575 | D:4      | Noticed Pikel
  3595 | D:3      | Slain by Pikel

Vault maps used:
D:1:      minmay_arrival_stair_chambers
D:2:      bloody_trog, hex_tiny
D:3:      chequers_ecumenical_altar_simple, kennysheep_nondescript
D:4:      minmay_fire_ice_demons, uniq_pikel, uniq_sigmund

Skill      XL: |  1  2  3  4  5 |
---------------+----------------+-----
Air Magic      | 4 5 |  5.7
Spellcasting   | 3 |  3.6
Conjurations   | 2 |  2.9
Dodging        | 3 |  3.7
Stealth        | 3 |  3.1

Action                   |  1- 3 |  4- 6 || total
-------------------------+-------+-------++-------
Melee: Unarmed           |     7 |       ||     7
       Dagger            |     4 |       ||     4
       Short sword       |       |     1 ||     1
 Cast: Shock             |    86 |   102 ||   188
       Static Discharge  |     1 |     4 ||     5
       Swiftness         |     1 |     2 ||     3
  Use: Scroll            |     6 |     5 ||    11
       Potion            |       |     3 ||     3
  Eat: Chunk             |     2 |     6 ||     8
Armor: Robe              |     7 |    21 ||    28
Dodge: Dodged            |    17 |    60 ||    77
